 Zot Defence DCSS version 0.15.2 (webtiles) character file.

922 blackwizard the Ducker (level 7, -12/59 HPs)
             Began as a Troll Summoner on May 26, 2017.
             Killed by miscasting Summon Lightning Spire (38 damage)
             ... in the Realm of Zot (Scenario V: Glassed Sandwich).
             The game lasted 00:09:33 (1453 turns).

blackwizard the Ducker (Troll Summoner)             Turns: 1453, Time: 00:09:33

HP -12/59        AC  6     Str 19      XL: 7   Next: 84%
MP   1/8         EV 11     Int 11      God:
Gold 0           SH  0     Dex 10      Spells:  2 memorised,  5 levels left

rFire  . . .     SeeInvis .     j - +0 short sword (curse)
rCold  . . .     Clarity  .     a - +0 robe
rNeg   . . .     rCorr    .     (shield restricted)
rPois  .         rRot     .     (helmet restricted)
rElec  .         Spirit   .     (no cloak)
SustAb .         Warding  .     (gloves unavailable)
rMut   .         Stasis   .     (boots unavailable)
Gourm  +                        (no amulet)
MR     .....                    (no ring)
                                (no ring)

@: slightly contaminated, glowing, not resistant to hostile enchantments, very
unstealthy
A: unfitting armour, claws 3, molten scales 1, fast metabolism 3, frail 1,
gourmand, regeneration 2, saprovore 2, shaggy fur 1, tough skin 2
a: Make oklob sapling, Make arrow trap, Make plant, Remove Curse, Make burning
bush, Make altar, Make grenades, Make oklob plant


You were in the Realm of Zot.
You were not hungry.

You visited 1 branch

Inventory:

Hand weapons
 j - a cursed +0 short sword (weapon)
 k - a +0 trident
Armour
 a - a +0 robe (worn)
 l - a +2 robe of magic resistance
Comestibles
 d - 2 meat rations
Scrolls
 i - a scroll of blinking
Potions
 c - 3 potions of curing
 e - a potion of heal wounds
 f - a potion of haste
 g - 2 potions of magic
 h - a potion of berserk rage
Books
 b - a book of Callings

   Spells                             Type                      Level
   *Summon Small Mammal               Summoning                    1
   Call Imp                           Summoning                    2
   Call Canine Familiar               Summoning                    3
   Summon Guardian Golem              Hexes/Summoning              4
   *Summon Lightning Spire            Summoning/Air                4
   Summon Ice Beast                   Ice/Summoning                4


   Skills:
 + Level 2.9 Fighting
 + Level 3.0 Short Blades
 + Level 4.2 Dodging
 - Level 1.1 Stealth
 + Level 1.3 Unarmed Combat
 + Level 2.1 Spellcasting
 + Level 4.0 Summonings
 + Level 0.6 Air Magic


You had 5 spell levels left.
You knew the following spells:

 Your Spells              Type           Power        Failure   Level  Hunger
a - Summon Small Mammal   Summ           ##..         6%          1    ##.....
b - Summon Lightning Spi  Summ/Air       #.......     95%         4    #####..


Dungeon Overview and Level Annotations

Branches:
    Zot (1/1)

Altars:

Annotations:
Zot Maurice, Prince Ribbit, Purgy


Innate Abilities, Weirdness & Mutations

You are too large for most types of armour.
You have claws for hands.
Your metabolism is lightning-fast.
You like to eat raw meat.
You heal very quickly.
You can eat rotten meat.
You are covered in fur (AC +1).
You have very tough skin (AC +2).
You are partially covered in molten scales (AC +1).
You are frail (-10% HP).


Message History

Items here: %% )) a club; a whip; a hobgoblin corpse; a gnoll skeleton Prince Ribbit hits you!
Things that are here:
a club; a rotting kobold corpse The giant newt hisses menacingly.
The worker ant waves its antennae.
Maurice appears from thin air!
Reactivating autopickup.
The giant cockroach waves its antennae.
Maurice gestures wildly while chanting.
Maurice flickers and vanishes!
Deactivating autopickup; reactivate with Ctrl-A.
Casting: Summon Lightning Spire
Confirm with . or Enter, or press ? or * to list all spells.
Aiming: Summon Lightning Spire
Press: ? - help, Dir - move target cursor You miscast Summon Lightning Spire.
The air twists around and strikes you!
Ouch! That really hurt!
You die...

..▓▓............................▓
.▓▓.............................▓
▓▓..............................▓
▓...............................▓
................................▓
▓▓▓▓▓▓▓▓▓▓▓▓▓▓▓▓▓▓▓▓▓h..........▓
(gg)hS.JJhBTSSy)s))))...........▓
.rh.sgggJholloaF................▓
.....gbglsJgrKS)@...............▓
......hssghglgh.................▓
.....K.SgshlSgr.................▓
.......raKTgggb.................▓
....▓▓▓▓▓▓▓▓▓▓▓▓▓▓▓▓▓▓▓▓▓▓▓▓▓▓▓▓▓
................................▓
................................▓
.............................<..▓
................................▓


You could see a goliath beetle, Prince Ribbit, Tokal the troll, Purgy, Mutish
the yellow wasp, 3 iguanas, a hound, 2 oozes, a worker ant, 5 gnolls, 3 adders,
Psitis the adder, a green rat, an orc, Orkrul the orc, a quokka, 5 jackals, 4
giant cockroaches, a hobgoblin, 2 goblins, a bat, 2 kobolds and 2 giant newts.

Vanquished Creatures
  Menkaure (Zot)
  Blork the orc (Zot)
  A worker ant (Zot)
  4 gnolls (Zot)
  4 adders (Zot)
  2 worms (Zot)
  A giant gecko (Zot)
  6 oozes (Zot)
  5 orcs (Zot)
  A ball python (Zot)
  7 bats (Zot)
  A bat skeleton (Zot)
  A giant cockroach (Zot)
  7 goblins (Zot)
  8 hobgoblins (Zot)
  3 jackals (Zot)
  2 quokkas (Zot)
  4 giant newts (Zot)
  9 kobolds (Zot)
  8 rats (Zot)
76 creatures vanquished.

Vanquished Creatures (collateral kills)
  An ogre (Zot)
  An adder (Zot)
  A hobgoblin (Zot)
  A bat (Zot)
  A goblin (Zot)
  A rat (Zot)
6 creatures vanquished.

Vanquished Creatures (others)
  6 bats (Zot)
  8 rats (Zot)
14 creatures vanquished.

Grand Total: 96 creatures vanquished

Notes
Turn   | Place    | Note
--------------------------------------------------------------
     0 | Zot      | blackwizard, the Troll Summoner, began the quest for the Orb.
     0 | Zot      | Reached XP level 1. HP: 16/16 MP: 2/2
   225 | Zot      | Reached skill level 3 in Summonings
   252 | Zot      | Reached XP level 2. HP: 24/24 MP: 2/2
   260 | Zot      | Noticed Mutish
   389 | Zot      | Reached XP level 3. HP: 16/31 MP: 0/3
   435 | Zot      | Reached skill level 1 in Unarmed Combat
   467 | Zot      | Reached XP level 4. HP: 40/40 MP: 4/4
   494 | Zot      | Reached skill level 1 in Fighting
   680 | Zot      | Reached XP level 5. HP: 21/48 MP: 4/4
   739 | Zot      | Reached skill level 1 in Short Blades
   761 | Zot      | Noticed Purgy
   872 | Zot      | Noticed Soacres
   901 | Zot      | Killed Soacres the ogre
   901 | Zot      | Reached XP level 6. HP: 38/57 MP: 1/6
   915 | Zot      | Learned a level 4 spell: Summon Lightning Spire
   976 | Zot      | Noticed Menkaure
  1052 | Zot      | Killed Menkaure
  1052 | Zot      | Reached XP level 7. HP: 45/66 MP: 4/6
  1168 | Zot      | Noticed Blork the orc
  1207 | Zot      | Killed Blork the orc
  1207 | Zot      | Reached skill level 4 in Dodging
  1254 | Zot      | Noticed Prince Ribbit
  1268 | Zot      | Noticed a blue devil
  1268 | Zot      | Noticed an iron devil
  1296 | Zot      | Gained mutation: You are partially covered in molten scales (AC +1). [mutagenic glow]
  1316 | Zot      | Noticed Tokal
  1375 | Zot      | Noticed Maurice
  1377 | Zot      | Gained mutation: You are frail (-10% HP). [mutagenic glow]
  1453 | Zot      | Killed by miscasting Summon Lightning Spire

Action                   |  1- 3 |  4- 6 |  7- 9 || total
-------------------------+-------+-------+-------++-------
Melee: Unarmed           |   116 |       |       ||   116
       Short sword       |    34 |   340 |   196 ||   570
 Cast: Summon Small Mamm |     3 |    15 |       ||    18
